cohdb
Replays
Latest Replays
All Replays
Popular Replays
Top Player Replays
Match Explorer
How It Works
Community
CoH3 Stats
Reddit
Sign in to upload your games and track your stats! →
Sign in with Steam
Match 41291852
Unlisted
Match 41291852
Overview
Messages
Build Orders
End
Panzergrenadier Squad
250 Light Carrier
Selects Armored Support Battlegroup
Panzergrenadier Squad
Construct Light Support Kompanie
Selects Salvage Kits
Fire Support Elements
Panzerjäger Squad
Flakvierling Half-track
Selects Veteran Gunners
2.5-tonne Medical Truck
Combat Half-tracks
Vehicle Survival Package
le.IG 18 Mechanized Group
Selects Panzer Storm
Sir_Edward97
Valdai
Sir_Eldys
ilya_anatoli4
Speedbird
Khayyam
Corpse
danceM
0
0
Comments
sign in to comment!
No comments posted yet!